 Dungeon Crawl Stone Soup version 0.31.0-11-ge490571c62 (webtiles) character file.

Game seed: 3157338837053755256

1561 Aviak the Trooper (level 9, -3/69 (71) HPs)
             Began as a Formicid Alchemist on Feb 3, 2024.
             Was an Initiate of Makhleb.
             Slain by a mummy (10 damage)
             ... in an ossuary.
             The game lasted 00:12:28 (6112 turns).

Aviak the Trooper (Formicid Alchemist)              Turns: 6112, Time: 00:12:29

HP:   -3/69 (71)    AC:  9    Str: 16    XL:     9   Next: 13%
MP:   13/13         EV: 11    Int: 16    God:    Makhleb [......]
Gold: 356           SH:  0    Dex: 14    Spells: 11/14 levels left

rFire   . . .        s - +1 spear (venom)
rCold   . . .        (no shield)
rNeg    . . .        w - +2 ring mail {rPois}
rPois   +            (helmet unavailable)
rElec   +            (no cloak)
rCorr   .            (no gloves)
SInv    +            v - +0 pair of boots
Will    .....        u - amulet of magic regeneration
Stlth   +            (no ring)
HPRegen 0.31/turn    (no ring)
MPRegen 0.53/turn

%: no passive effects
@: lightly drained
A: permanent stasis, dig shafts and tunnels, antennae 3, four strong arms,
poison resistance, electricity resistance
a: Dig, Renounce Religion


You were in an ossuary.
You worshipped Makhleb.
Makhleb was noncommittal.
You visited 1 branch of the dungeon, and saw 5 of its levels.
You also visited: Sewer and Ossuary.

You collected 356 gold pieces.

Inventory:

Hand Weapons
 p - a +1 dagger of draining
 s - a +1 spear of venom (weapon)
 x - a +0 glaive
Armour
 v - a +0 pair of boots (worn)
 w - a +2 ring mail of poison resistance (worn)
 y - +0 steam dragon scales
Jewellery
 u - an amulet of magic regeneration (around neck)
Wands
 h - a wand of roots (17)
 A - a wand of mindburst (21)
 B - a wand of polymorph (11)
Scrolls
 a - a scroll of poison {unknown}
 d - a scroll of fog {unknown}
 j - a scroll of noise {unknown}
 n - a scroll of butterflies {unknown}
 o - 2 scrolls of fear {unknown}
 r - 2 scrolls of enchant armour {unknown}
 t - 2 scrolls of teleportation
 z - a scroll of blinking {unknown}
 C - a scroll of vulnerability {unknown}
 D - a scroll of immolation {unknown}
Potions
 b - 2 potions of magic
 c - 5 potions of curing
 e - a potion of berserk rage
 f - a potion of haste
 g - a potion of brilliance
 l - a potion of degeneration {!q!q}
 m - a potion of mutation {!q}
 q - a potion of might {unknown}


   Skills:
 + Level 6.7 Fighting
 - Level 2.0 Short Blades
 - Level 3.0 Polearms
 + Level 6.6 Armour
 - Level 2.0 Dodging
 - Level 2.4 Stealth
 - Level 3.0 Spellcasting
 - Level 1.0 Conjurations
 - Level 6.0 Alchemy
 + Level 2.4 Invocations


You had 11 spell levels left.
You knew the following spells:

 Your Spells              Type           Power      Damage    Failure   Level
a - Sting                 Conj/Alch      52%        1d6       8%          1
b - Mercury Vapours       Alch/Air       24%        N/A       14%         2

Your spell library contained the following spells:

 Spells                   Type           Power      Damage    Failure   Level
 Olgreb's Toxic Radiance  Alch           21%        N/A       26%         4
 Freeze                   Ice            8%         1d3       32%         1
 Mephitic Cloud           Conj/Alch/Air  9%         N/A       36%         3
 Ensorcelled Hibernation  Hex/Ice        4%         N/A       43%         2
 Lesser Beckoning         Tloc           4%         N/A       43%         2
 Call Canine Familiar     Summ           2%         N/A       67%         3
 Fugue of the Fallen      Necr           2%         N/A       67%         3
 Gell's Gravitas          Tloc           2%         N/A       67%         3
 Sigil of Binding         Hex            2%         N/A       67%         3
 Teleport Other           Tloc           2%         N/A       67%         3
 Sticky Flame             Fire/Alch      12%        2d5       67%         4
 Yara's Violent Unravell  Hex/Alch       6%         3d5       95%         5
 Anguish                  Hex/Necr       1%         N/A       97%         4
 Dimensional Bullseye     Hex/Tloc       1%         N/A       97%         4


Dungeon Overview and Level Annotations

Branches:
Dungeon (5/15)             Temple (0/1) D:5           Sewer (visited)
Ossuary (1/1)

Altars:
Ashenzari
Makhleb
Okawaru
Wu Jian
Zin

Shops:
D:1 ([*:

Annotations:
Ossuary Menkaure


Innate Abilities, Weirdness & Mutations

You cannot be hasted, slowed, berserked, paralysed or teleported.
You can dig through walls and to a lower floor.
You have a pair of large antennae on your head. (SInv)
Your four strong arms can wield two-handed weapons with a shield.
Your system is resistant to poisons. (rPois)
You are resistant to electric shocks. (rElec)


Message History

You hit Menkaure.
Menkaure is moderately damaged.
You hit Menkaure. You punch Menkaure.
Menkaure is heavily damaged.
Menkaure hits you.
You barely miss Menkaure.
Menkaure is heavily damaged.
Menkaure barely misses you.
You barely miss Menkaure. You punch Menkaure, but do no damage.
Menkaure is heavily damaged.
Menkaure hits you but does no damage. The mummy hits you but does no damage.
You hit Menkaure.
Menkaure is severely damaged.
Menkaure hits you.
You barely miss Menkaure.
Menkaure is severely damaged.
Menkaure calls on the powers of darkness!
Your body is wracked with pain!
The mummy closely misses you.
You hit Menkaure.
Menkaure is almost destroyed.
Menkaure hits you.
You barely miss Menkaure.
Menkaure is almost destroyed.
Menkaure barely misses you. The mummy hits you but does no damage.
Menkaure calls on the powers of darkness!
Your body is wracked with pain!
* * * LOW HITPOINT WARNING * * *
You hit Menkaure.
Menkaure is almost destroyed.
Menkaure barely misses you. The mummy barely misses you.
You barely miss Menkaure.
Menkaure is almost destroyed.
Menkaure misses you.
You barely miss Menkaure.
Menkaure is almost destroyed.
Menkaure hits you!
* * * LOW HITPOINT WARNING * * *
The mummy hits you!
You die...

....................∩#
.....................#
###+###'###'###'###..#
{ #...#...#...#..#
#'#####'###.#..#
#....#....#.#..#
#....#....###..#
#....#....#{+..#
#..@M#....# #..#
####M###### .....M{M#
........# ..??M...#
.!!$M!..# .?$∩$?..#
.?!$!!..# ..!!!...#


You could see Menkaure (fast) and 2 mummies.

Vanquished Creatures
  Grinder (D:3)
  Pargi (Sewer)
  An ice beast (D:4)
  An ogre (D:4)
  A black bear (D:4)
  A centaur (D:5)
  A phantom (D:4)
  2 scorpions
  A crimson imp (D:5)
  3 bombardier beetles
  A jelly (D:5)
  A gnoll bouda (D:4)
  An orc priest (D:4)
  Terence (D:2)
  4 iguanas
  3 orc wizards (D:5)
  Natasha (thrice) (D:4)
  Robin (D:3)
  3 gnolls (D:4)
  4 adders
  5 dart slugs
  14 orcs
  9 ball pythons
  6 bats
  5 endoplasms
  6 giant cockroaches
  15 goblins
  11 hobgoblins
  9 jackals
  6 quokkas
  5 frilled lizards
  A gnoll zombie (Ossuary)
  10 kobolds
  2 kobold zombies (Ossuary)
  A quokka zombie (Ossuary)
  11 rats
151 creatures vanquished.

Notes
Turn   | Place    | Note
-------+----------+-------------------------------------------
     0 | D:1      | Aviak the Formicid Alchemist began the quest for the Orb.
     0 | D:1      | Reached XP level 1. HP: 13/13 MP: 3/3
    25 | D:1      | Reached skill level 1 in Conjurations
   128 | D:1      | Reached XP level 2. HP: 19/19 MP: 3/5
   204 | D:1      | Found Rugu Kupor's Weapon Shoppe.
   335 | D:1      | Found Ebeluok's General Store.
   465 | D:1      | Learned a level 2 spell: Mercury Vapours
   636 | D:1      | Found Wugg's Antique Armour Boutique.
   668 | D:1      | Reached XP level 3. HP: 20/24 MP: 4/7
  1217 | D:1      | Found Sobbyic's Book Emporium.
  1539 | D:2      | Noticed Terence
  1546 | D:2      | Killed Terence
  1547 | D:2      | Reached skill level 5 in Alchemy
  1547 | D:2      | Reached XP level 4. HP: 21/30 MP: 0/8
  2519 | D:3      | Reached XP level 5. HP: 27/36 MP: 3/9
  2526 | D:3      | Found a glowing drain.
  2556 | Sewer    | Entered a sewer
  2591 | Sewer    | Reached skill level 1 in Fighting
  2690 | Sewer    | Noticed Pargi
  2705 | Sewer    | Killed Pargi
  2706 | Sewer    | Reached skill level 1 in Short Blades
  2706 | Sewer    | Reached skill level 1 in Armour
  2706 | Sewer    | Reached XP level 6. HP: 39/44 MP: 5/10
  2836 | D:3      | Found an iron altar of Okawaru.
  2956 | D:3      | Noticed Robin
  2982 | D:3      | Killed Robin
  3359 | D:3      | Noticed Grinder
  3385 | D:3      | Killed Grinder
  3386 | D:3      | Reached skill level 1 in Polearms
  3386 | D:3      | Reached XP level 7. HP: 36/53 MP: 8/11
  3504 | D:4      | Noticed Natasha
  3516 | D:4      | Killed Natasha
  3525 | D:4      | Noticed Natasha
  3534 | D:4      | Killed Natasha
  3803 | D:4      | Reached XP level 8. HP: 19/61 MP: 6/12
  4181 | D:4      | Noticed Natasha
  4198 | D:4      | Killed Natasha
  4352 | D:4      | Found an ornate altar of the Wu Jian Council.
  4629 | D:4      | Found a glowing silver altar of Zin.
  4741 | D:4      | Reached skill level 5 in Fighting
  4839 | D:4      | Reached skill level 5 in Armour
  5036 | D:4      | Got the Codex of Cryomancy and Concoctions
  5488 | D:5      | Entered Level 5 of the Dungeon
  5568 | D:5      | Found a burning altar of Makhleb.
  5588 | D:5      | Became a worshipper of Makhleb the Destroyer
  5776 | D:5      | Reached skill level 1 in Invocations
  5824 | D:5      | Reached XP level 9. HP: 54/71 MP: 13/13
  5834 | D:5      | Found a staircase to the Ecumenical Temple.
  5858 | D:5      | Found a broken altar of Ashenzari.
  6040 | D:5      | Found a sand-covered staircase.
  6044 | Ossuary  | Entered an ossuary
  6095 | Ossuary  | Noticed Menkaure
  6101 | Ossuary  | Gained mutation: Your system is resistant to poisons.
                  | (rPois) [potion of mutation]
  6101 | Ossuary  | Gained mutation: You are clumsy. (Dex -2) [potion of
                  | mutation]
  6101 | Ossuary  | Lost mutation: You are clumsy. (Dex -2) [potion of
                  | mutation]
  6101 | Ossuary  | Gained mutation: You are resistant to electric shocks.
                  | (rElec) [potion of mutation]
  6112 | Ossuary  | Slain by a mummy

Illustrated notes

Levels and vault maps discovered:
D:1:      scummos_arrival_simple_crosswalls, layout_basic, serial_shops, shop,
          nicolae_shop_crystal, shop, nicolae_lakefront_shop, minmay_hexomino_u4
D:2:      layout_basic, dk_noncrumbling_3, uniq_terence
D:3:      layout_basic, okawaru_ov_weapons_minmay,
          mainiacjoe_sewer_entry_somewhere_in_here_1, minmay_misc_feat_rugged,
          uniq_grinder, uniq_robin
D:4:      minmay_razor_zed, layout_basic, kennysheep_little_box,
          general_overflow_altar, hangedman_minor_gate_pass, uniq_natasha
D:5:      layout_cave_pools, makhleb_grotto_becter, cheibrodos_ashenzari_chains,
          minmay_temple_entry_mini_moons, mainiacjoe_ossuary_entry_dusty_tomb,
          serial_library_hellmonk_room_c
Ossuary:  ossuary_boxes_badplayer

Skill      XL: |  1  2  3  4  5  6  7  8  9 |
---------------+----------------------------+-----
Conjurations   | 1 |  1.0
Dodging        | 2 |  2.0
Spellcasting   | 3 |  3.0
Alchemy        | 5 6 |  6.0
Fighting       | 2 3 4 6 |  6.7
Short Blades   | 1 2 |  2.0
Armour         | 1 3 4 6 |  6.6
Polearms       | 1 2 3 |  3.0
Invocations    | 1 2 |  2.4
Stealth        | |  2.4

Action                     |  1- 3 |  4- 6 |  7- 9 || total
---------------------------+-------+-------+-------++-------
  Melee: Unarmed           |    46 |       |    13 ||    59
         Dagger            |     1 |    50 |       ||    51
         Spear             |       |    61 |   246 ||   307
         Punch             |       |     1 |     5 ||     6
   Cast: Sting             |    51 |    67 |    40 ||   158
         Mercury Vapours   |       |     3 |     6 ||     9
Ability: Dig               |       |       |     2 ||     2
    Use: Scroll            |       |       |     6 ||     6
         Potion            |       |       |     1 ||     1
   Stab: Sleeping          |       |       |     3 ||     3
 Armour: Robe              |    33 |       |       ||    33
         Ring mail         |     3 |    79 |   177 ||   259
         Skin              |       |       |     5 ||     5
  Dodge: Dodged            |    55 |    79 |   125 ||   259
